 Dungeon Crawl Stone Soup version 0.23-a0-143-g1adec7b (webtiles) character file.

830 mopl the Spear-Bearer (level 7, -2/52 HPs)
             Began as a Merfolk Abyssal Knight on Sept 5, 2018.
             Was a Believer of Lugonu.
             Killed from afar by an orc wizard (8 damage)
             ... with a magic dart
             ... on level 4 of the Dungeon.
             The game lasted 00:06:27 (4132 turns).

mopl the Spear-Bearer (Merfolk Abyssal Knight)      Turns: 4132, Time: 00:06:27

Health: -2/52      AC:  3    Str: 13    XL:     7   Next: 97%
Magic:  11/11      EV: 12    Int: 12    God:    Lugonu [**....]
Gold:   235        SH:  0    Dex: 14    Spells: 6/6 levels left

rFire    . . .     SeeInvis .   a - +1 spear
rCold    . . .     Gourm    .   (no shield)
rNeg     . . .     Faith    .   t - +0 leather armour
rPois    .         Spirit   .   (no helmet)
rElec    .         Reflect  .   (no cloak)
rCorr    .         Harm     .   (no gloves)
MR       .....                  q - -1 pair of boots
Stlth    +.........             l - amulet of rage
HPRegen  0.17/turn              (no ring)
MPRegen  0.12/turn              (no ring)

@: berserk cooldown
A: change form in water, swift swim, stealthy swim
a: Depart the Abyss, Bend Space, Renounce Religion, Evoke Berserk Rage


You were on level 4 of the Dungeon.
You worshipped Lugonu.
Lugonu was pleased with you.
You were hungry.

You visited 1 branch of the dungeon, and saw 4 of its levels.
You visited the Abyss 1 time.

You collected 235 gold pieces.

Inventory:

Hand Weapons
 a - a +1 spear (weapon)
 b - a +0 scythe
Missiles
 i - 20 poisoned needles
Armour
 q - a -1 pair of boots (worn)
 t - a +0 leather armour (worn)
Jewellery
 l - an amulet of rage (around neck)
Wands
 f - a wand of flame (3)
Scrolls
 d - 3 scrolls of remove curse
 e - a scroll of immolation {unknown}
 g - 2 scrolls of fog {unknown}
 j - 3 scrolls of identify
 m - 2 scrolls of amnesia {unknown}
 o - a scroll of enchant weapon {unknown}
 u - a scroll of magic mapping {unknown}
 v - a scroll of enchant armour {unknown}
Potions
 h - a potion of resistance
 k - 2 potions of flight {unknown}
 n - 2 potions of curing {unknown}
 p - a potion of cancellation {unknown}
 r - a potion of haste {unknown}
 s - a potion of lignification {unknown}
Comestibles
 c - 6 rations


   Skills:
 - Level 3.2 Fighting
 * Level 10.4 Polearms
 - Level 0.6 Armour
 - Level 2.6 Dodging
 + Level 5.7 Invocations


You had 6 spell levels left.
You didn't know any spells.
Your spell library was empty.

Dungeon Overview and Level Annotations

Branches:
Dungeon (4/15)             Temple (0/1) D:4

Altars:
Gozag
The Shining One


Message History

The orc wizard casts a spell at you. You resist with some effort.
Okay, then.
The orc wizard mumbles some strange words.
The orc wizard flickers and vanishes!
Deactivating autopickup; reactivate with Ctrl-A.
You feel yourself speed up.
The orc wizard gestures wildly while chanting.
The orc wizard blinks!
A puff of flame appears from out of thin air!
The puff of flame hits you!
* * * LOW HITPOINT WARNING * * *
You barely miss the orc wizard. The orc wizard closely misses you.
The orc wizard points at you and mumbles some strange words.
The magic dart hits you!
* * * LOW HITPOINT WARNING * * *
The orc wizard gestures at you while chanting.
The magic dart hits you!
You die...

###..#+ +#......... #......
#..## ##....### #...... #.##
##...# #...... #..## ##....#
#...... ##..## ##...#.#
#......
##..###..###.#########......
##..#.....#...##...........
##.....#.###....#..#..#..#
#.##.##.@.#..#..#..#..#..
#....####..o..#..#..#..#.
####.# #....{.#..#..#..#
#.####.o..#..#..#..#.. #
#.....................
#.##..........##....####.
#.............##....# ##
####................#
#..........##....#


You could see an orc wizard and an orc.

Vanquished Creatures
  Grinder (D:4)
  Sigmund (D:2)
  A sky beast (D:3)
  2 scorpions (D:4)
  A howler monkey (D:4)
  2 orc wizards (D:3)
  An iguana (D:4)
  3 adders (D:2)
  A white imp (Abyss:1)
  An adder skeleton (D:4)
  3 worms
  4 dart slugs
  3 leopard geckos
  7 orcs
  A ball python (D:4)
  8 bats
  3 giant cockroaches
  17 goblins
  11 hobgoblins
  3 jackals (D:4)
  4 frilled lizards
  A jackal skeleton (D:4)
  12 kobolds
  A quokka zombie (D:3)
  4 rats
96 creatures vanquished.

Notes
Turn   | Place    | Note
-------+----------+-------------------------------------------
     0 | Abyss:1  | mopl the Merfolk Abyssal Knight began the quest for the
                  | Orb.
     0 | Abyss:1  | Reached XP level 1. HP: 18/18 MP: 2/2
    39 | Abyss:1  | Reached XP level 2. HP: 5/24 MP: 3/3
    45 | Abyss:1  | Noticed a ynoxinul
    46 | D:1      | Escaped the Abyss
   306 | D:1      | Reached skill level 4 in Polearms
   466 | D:1      | Reached XP level 3. HP: 17/29 MP: 4/4
   591 | D:1      | Reached * piety under Lugonu
   982 | D:2      | Reached skill level 5 in Polearms
   998 | D:2      | Reached skill level 3 in Invocations
   998 | D:2      | Reached XP level 4. HP: 13/35 MP: 6/6
  1260 | D:2      | Noticed Sigmund
  2155 | D:3      | Noticed a sky beast
  2171 | D:3      | Killed a sky beast
  2171 | D:3      | Reached skill level 6 in Polearms
  2171 | D:3      | Reached XP level 5. HP: 41/41 MP: 7/7
  2219 | D:3      | Found an opulent altar of Gozag.
  2242 | D:3      | Reached skill level 7 in Polearms
  2260 | D:3      | Reached skill level 4 in Invocations
  2260 | D:3      | Reached XP level 6. HP: 47/47 MP: 7/9
  2395 | D:3      | Reached ** piety under Lugonu
  3076 | D:2      | HP: 1/47 [something/wand of flame (4) (3)]
  3387 | D:2      | Killed Sigmund
  3387 | D:2      | Reached skill level 8 in Polearms
  3387 | D:2      | Reached XP level 7. HP: 52/52 MP: 10/10
  3440 | D:2      | Found a glowing golden altar of the Shining One.
  3677 | D:4      | Reached skill level 9 in Polearms
  3721 | D:4      | Noticed Grinder
  3762 | D:4      | Killed Grinder
  3762 | D:4      | Reached skill level 10 in Polearms
  3762 | D:4      | Reached skill level 5 in Invocations
  4016 | D:4      | Found a staircase to the Ecumenical Temple.
  4132 | D:4      | Killed from afar by an orc wizard

Vault maps used:
D:1:      minmay_arrival_solitary_statue
D:2:      tso_oasis_becter, uniq_sigmund
D:3:      cheibrodos_greedy_goblins, first_ration,
          nicolae_gozag_cash_rules_everything_around_me
D:4:      cheibrodos_helix_gallery, minmay_temple_entry_grid,
          minmay_tree_intersection, corexii_checkpoint_a,
          minmay_misc_feat_diagonals, nemelex_diamond_rough_becter, uniq_grinder

Skill      XL: |  1  2  3  4  5  6  7 |
---------------+----------------------+-----
Polearms       | 4 5 6 7 8 10 | 10.4
Invocations    | 3 4 5 |  5.7
Fighting       | |  3.2
Armour         | |  0.6
Dodging        | |  2.6

Action                   |  1- 3 |  4- 6 |  7- 9 || total
-------------------------+-------+-------+-------++-------
Melee: Spear             |   104 |   198 |    63 ||   365
       Scythe            |       |       |     8 ||     8
Invok: Depart the Abyss  |     1 |       |       ||     1
 Abil: Evoke Berserk Rag |       |     5 |     4 ||     9
  Use: Scroll            |       |     1 |     1 ||     2
 Stab: Sleeping          |     3 |       |       ||     3
  Eat: Chunk             |       |    10 |     5 ||    15
       Ration            |       |     1 |       ||     1
Armor: Leather armour    |    17 |    23 |     7 ||    47
Dodge: Dodged            |    29 |    89 |    29 ||   147

Table legend:
 A = Non-vault XP
 B = Vault XP
 C = Vault XP percentage of total XP
 D = Non-vault monster count
 E = Vault monster count
 F = Vault count percentage of total count
                 A         B        C        D         E       F
            +---------+---------+-------+---------+---------+-------
      Total |     623 |     564 |  47.5 |      81 |      15 |  15.6
            +---------+---------+-------+---------+---------+-------
        D:1 |      52 |       0 |   0.0 |      27 |       0 |   0.0
        D:2 |      76 |     227 |  74.9 |      19 |       1 |   5.0
        D:3 |     241 |      21 |   8.0 |      20 |      11 |  35.5
        D:4 |     244 |     316 |  56.4 |      14 |       3 |  17.6
    Abyss:1 |      10 |       0 |   0.0 |       1 |       0 |   0.0
            +---------+---------+-------+---------+---------+-------
